 Dungeon Crawl Stone Soup version 0.28.0 (webtiles) character file.

Game seed: 17017072819210262116

22 Jonnyslop the Skirmisher (level 2, 20/20 HPs)
             Began as a Gargoyle Fighter on Aug 4, 2022.
             Was a Follower of Sif Muna.
             Quit the game on level 1 of the Dungeon.
             The game lasted 00:01:21 (795 turns).

Jonnyslop the Skirmisher (Gargoyle Fighter)          Turns: 795, Time: 00:01:22

Health: 20/20      AC: 10    Str: 19    XL:     2   Next: 91%
Magic:  2/2        EV:  9    Int:  8    God:    Sif Muna [*.....]
Gold:   19         SH:  4    Dex:  9    Spells: 1/1 levels left

rFire   . . .      SeeInvis .   a - +0 trident
rCold   . . .      Faith    .   c - +0 buckler
rNeg    + . .      Spirit   +   b - +0 scale mail
rPois   ∞          Reflect  .   (no helmet)
rElec   +          Harm     .   (no cloak)
rCorr   .          Rampage  .   (no gloves)
Will    +....                   i - +0 pair of boots
Stlth   ..........              h - amulet of guardian spirit
HPRegen 0.06/turn               g - ring of willpower
MPRegen 0.08/turn               (no ring)

@: no status effects
A: sickness immunity, AC +2, negative energy resistance 1, electricity
resistance, torment resistance 1, petrification resistance
a: Renounce Religion, Channel Magic


You were on level 1 of the Dungeon.
You worshipped Sif Muna.
Sif Muna was aware of your devotion.
You visited 1 branch of the dungeon, and saw 1 of its levels.

You collected 19 gold pieces.

Inventory:

Hand Weapons
 a - a +0 trident (weapon)
Armour
 b - a +0 scale mail (worn)
 c - a +0 buckler (worn)
 i - a +0 pair of boots (worn)
Jewellery
 g - a ring of willpower (left hand)
 h - an amulet of guardian spirit (around neck)
Scrolls
 e - a scroll of holy word {unknown}
 f - a scroll of teleportation {unknown}
Potions
 d - a potion of might


   Skills:
 + Level 3.6 Fighting
 * Level 2.6 Polearms
 - Level 3.2 Armour
 - Level 3.2 Shields


You had one spell level left.
You didn't know any spells.
Your spell library was empty.

Dungeon Overview and Level Annotations

Branches:
Dungeon (1/15)

Altars:
Sif Muna


Innate Abilities, Weirdness & Mutations

You are immune to sickness and miasma.
Your stone body is resilient. (AC +2)
You are immune to poison.
You resist negative energy. (rN+)
You are resistant to electric shocks. (rElec)
You are resistant to unholy torment.
You are immune to petrification.


Message History

You closely miss the jackal.
The jackal is almost dead.
The jackal barely misses you.
The jackal bites you but does no damage. x2
You barely miss the jackal.
The jackal is almost dead.
The jackal closely misses you.
The jackal bites you but does no damage. x2
You hit the jackal.
You kill the jackal!
The jackal bites you but does no damage.
The jackal barely misses you.
You puncture the jackal!
You kill the jackal!
No target in view!
No target in view!
No target in view!
No target in view!
No target in view!
No target in view!
No target in view!
No target in view!
No target in view!
No target in view!
No target in view!
No target in view!
No target in view!
There is a faded altar of an unknown god here.
You cannot tell which god this altar belongs to.
Convert to them anyway?
Okay, then.
Unknown command.
Press < or > to pray at altars.
You cannot tell which god this altar belongs to.
Convert to them anyway?
Sif Muna accepts your prayer! Sif Muna welcomes you!
You can now call upon Sif Muna for magical energy.
You see here a jackal corpse.
You see here a +0 short sword.
Found 19 stones.
Are you sure you want to abandon this character and quit the game? (Confirm with "yes".)

.........#......#..#
.....#.).#....._#..#
.....#...#.....†#..#
..........†.....)..#
..##........(......#
.. #.....#..#...#..#
#.....#".#...#..#
#.###.#..#...#..#
#.(......@......#
######........#
##########


There were no monsters in sight!

Vanquished Creatures
  3 bats (D:1)
  2 endoplasms (D:1)
  A goblin (D:1)
  A hobgoblin (D:1)
  3 jackals (D:1)
  A quokka (D:1)
  A ball python (D:1)
  4 frilled lizards (D:1)
  4 kobolds (D:1)
20 creatures vanquished.

Notes
Turn   | Place    | Note
-------+----------+-------------------------------------------
     0 | D:1      | Jonnyslop the Gargoyle Fighter began the quest for the Orb.
     0 | D:1      | Reached XP level 1. HP: 14/14 MP: 1/1
   342 | D:1      | Reached XP level 2. HP: 19/19 MP: 2/2
   767 | D:1      | Found a faded altar of an unknown god.
   786 | D:1      | Prayed at the altar of an unknown god.
   786 | D:1      | Became a worshipper of Sif Muna the Loreminder
   786 | D:1      | Reached * piety under Sif Muna
   795 | D:1      | Quit the game

Illustrated notes

Levels and vault maps discovered:
D:1:      erik_arrival_orb_chamber, layout_basic,
          hellmonk_ecumenical_altar_lost_god

Skill      XL: |  1 |
---------------+----+-----
Polearms       | 2 |  2.6
Fighting       | |  3.6
Armour         | |  3.2
Shields        | |  3.2

Action                   || total
-------------------------++-------
Melee: Trident           ||    79
Armor: Scale mail        ||    34
Dodge: Dodged            ||    22
Block: Buckler           ||    17
